 Dungeon Crawl Stone Soup version 0.17-a0-1485-g22cb0ee (webtiles) character file.

60 Econoterrorist the Ruffian (level 3, -2/28 HPs)
             Began as a Draconian Transmuter on July 5, 2015.
             Slain by a gnoll
             ... wielding a +0 spear
              (8 damage)
             ... on level 2 of the Dungeon.
             The game lasted 00:05:37 (1936 turns).

Econoterrorist the Ruffian (Draconian Transmuter)   Turns: 1936, Time: 00:05:37

Health: -2/28      AC:  5    Str: 12    XL:     3   Next: 82%
Magic:  15/15      EV: 11    Int: 14    God:
Gold:   99         SH:  3    Dex: 11    Spells: 2 memorised, 2 levels left

rFire  + . .     SeeInvis .       - Unarmed
rCold  . . .     Clarity  .     (armour unavailable)
rNeg   . . .     SustAt   .     k - +0 buckler
rPois  .         Gourm    .     d - +0 hat
rElec  .         Spirit   .     (no cloak)
rCorr  +         Warding  .     (no gloves)
rMut   .         Stasis   .     (no boots)
MR     .....                    e - amulet of resist corrosion
Stlth  +.........               f - ring of protection from fire
                                h - ring of magical power

@: not resistant to hostile enchantments, very unstealthy
A: unfitting armour, cold-blooded, AC +5
a: no special abilities


You were on level 2 of the Dungeon.
You were not hungry.

You visited 1 branch of the dungeon, and saw 2 of its levels.

You collected 99 gold pieces.

Inventory:

Armour
 d - a +0 hat (worn)
 k - a +0 buckler (worn)
Jewellery
 e - an amulet of resist corrosion (around neck)
 f - a ring of protection from fire (right hand)
 h - a ring of magical power (left hand)
Scrolls
 i - a scroll of enchant armour {unknown}
 l - a scroll of identify
Potions
 g - a potion of degeneration {unknown}
 j - a potion of agility {unknown}
Books
 b - a book of Changes

   Spells                             Type                      Level
   a - Beastly Appendage              Transmutation                1
   b - Sticks to Snakes               Transmutation                2
   c - Spider Form                    Transmutation/Poison         3
   d - Ice Form                       Ice/Transmutation            4
   e - Blade Hands                    Transmutation                5
Comestibles
 a - a meat ration
 c - 3 bread rations


   Skills:
 - Level 1.1 Fighting
 - Level 1.7 Dodging
 + Level 4.8 Unarmed Combat
 - Level 2.0 Spellcasting
 - Level 2.0 Transmutations


You had 2 spell levels left.
You knew the following spells:

 Your Spells              Type           Power        Failure   Level  Hunger
a - Beastly Appendage     Trmt           #.....       17%         1    ##.....
b - Spider Form           Trmt/Pois      #.........   78%         3    ####...


Dungeon Overview and Level Annotations

Branches:
Dungeon (2/15)

Altars:


Innate Abilities, Weirdness & Mutations

Your plain brown scales are hard (AC +5).
Your body does not fit into most forms of armour.
You are cold-blooded and may be slowed by cold attacks.


Message History

The gnoll barely misses you. You block the gnoll's attack.
The gnoll hits you from afar with a spear.
You hit the gnoll.
The gnoll is moderately wounded.
The gnoll misses you. The gnoll completely misses you.
The gnoll hits you from afar with a spear.
You hit the gnoll. You headbutt the gnoll.
You kill the gnoll!
The gnoll barely misses you. The gnoll hits you but does no damage.
The gnoll hits you with a spear. The gnoll barely misses you.
Things that are here:
a halberd; a gnoll corpse You hit the gnoll but do no damage.
The gnoll hits you with a spear!
* * * LOW HITPOINT WARNING * * *
The gnoll barely misses you.
You hit the gnoll. Your headbutt misses the gnoll.
The gnoll is severely wounded.
Your horns disappear.
The gnoll hits you with a spear!
You die...

### #.###...## ...
#........ .....#
#.#....# ......
#.#....# .....#
##.#....# ..#..#
##.......# #.#..#
##...#>...# #.#..# #
#.%.##.gg.#
..#..#.###.#.###@###
...........#.# #.#
..........##.###.#
..........##.##..#
..........##.....#
##...............#
##..............#
#.######...#...#
#..# #.......#


You could see 2 gnolls.

Vanquished Creatures
  2 gnolls (D:2)
  A worm (D:2)
  A giant gecko (D:2)
  5 bats
  2 giant cockroaches
  5 hobgoblins
  7 kobolds
  5 giant newts
  3 goblins
  2 jackals (D:1)
  7 rats
40 creatures vanquished.

Notes
Turn   | Place    | Note
--------------------------------------------------------------
     0 | D:1      | Econoterrorist the Draconian Transmuter began the quest for the Orb.
     0 | D:1      | Reached XP level 1. HP: 16/16 MP: 3/3
   299 | D:1      | Reached XP level 2. HP: 21/23 MP: 5/5
   881 | D:1      | Reached skill level 4 in Unarmed Combat
  1359 | D:2      | Reached XP level 3. HP: 9/28 MP: 4/6
  1885 | D:2      | Learned a level 3 spell: Spider Form
  1936 | D:2      | Slain by a gnoll

Vault maps used:
D:1:      zelgadis_glass_arrival_large, minmay_misc_feat_cross,
          minmay_tree_intersection, corner_web_ring
D:2:      first_bread, minmay_stone_trees_large

Action                   || total
-------------------------++-------
Melee: Unarmed           ||   176
 Cast: Beastly Appendage ||     3
  Use: Scroll            ||     4
  Eat: Beef jerky        ||     2
